General information
- name: BNet
- type: Ladder team game (AT/RT)
- host: Battle.net
- saver: lllove
map: MarketSquare
- players: 8
- length: 18:27
- speed: Fast
- version: 1.26 W3XP
- replay type: Public
» download(115 KB)
Players
team 1 (loser)

»
trolololol (
teal | 73 APM | 861 actions | 11:46)
3 Keeper of the Grove
1 Force of Nature
2 Entangling Roots
» actions
| Assign group hotkey | 19 | |
| Basic commands | 2 | |
| Build / train | 40 | |
| Enter build submenu | 15 | |
| Enter hero's abilities submenu | 3 | |
| Right click | 598 | |
| Select / deselect | 132 | |
| Select group hotkey | 21 | |
| Use ability | 31 | |
861 total
» units
» upgrades
| Improved Bows | 1 | |
| Strength of the Wild | 1 | |
| Reinforced Hides | 1 | |
3 total
» buildings
| Altar of Elders | 1 | |
| Moon Well | 10 | |
| Ancient of War | 2 | |
| Tree of Life | 1 | |
| Tree of Ages | 1 | |
| Hunter's Hall | 1 | |
| Tree of Eternity | 1 | |
| Ancient of Wind | 1 | |
| Chimaera Roost | 3 | |
21 total
» build order
00:21 Altar of Elders
00:35 Moon Well
00:50 Ancient of War
01:42 Moon Well
01:56 Moon Well
02:17 Ancient of War
05:05 Tree of Life
05:08 Tree of Ages
05:11 Hunter's Hall
06:03 Moon Well
06:04 Moon Well
06:05 Moon Well
08:03 Tree of Eternity
09:28 Ancient of Wind
10:19 Moon Well
10:19 Moon Well
10:25 Moon Well
10:26 Moon Well
10:32 Chimaera Roost
10:35 Chimaera Roost
10:39 Chimaera Roost

»
Bacon. (
pink | 69 APM | 813 actions | 11:50)
2 Blood Mage
1 Flame Strike
1 Siphon Mana
» actions
| Assign group hotkey | 7 | |
| Basic commands | 6 | |
| Build / train | 43 | |
| ESC pressed | 1 | |
| Enter build submenu | 21 | |
| Enter hero's abilities submenu | 2 | |
| Remove unit from queue | 1 | |
| Right click | 468 | |
| Select / deselect | 180 | |
| Select group hotkey | 43 | |
| Use ability | 41 | |
813 total
» units
» upgrades
| Gunpowder | 1 | |
| Armor | 1 | |
| Long Rifles | 1 | |
| Lumber Harvesting | 1 | |
4 total
» buildings
| Altar of Kings | 1 | |
| Farm | 6 | |
| Blacksmith | 1 | |
| Barracks | 2 | |
| Arcane Vault | 1 | |
| Keep | 1 | |
| Lumber Mill | 1 | |
| Scout Tower | 8 | |
| Guard Tower | 2 | |
| Arcane Tower | 2 | |
25 total
» build order
00:08 Altar of Kings
00:17 Farm
02:00 Blacksmith
02:04 Farm
02:11 Barracks
02:22 Farm
02:25 Arcane Vault
03:53 Barracks
05:33 Keep
05:36 Farm
05:39 Farm
05:41 Farm
06:23 Lumber Mill
07:09 Scout Tower
07:11 Scout Tower
07:13 Scout Tower
07:16 Scout Tower
07:19 Scout Tower
08:18 Guard Tower
08:45 Scout Tower
08:46 Scout Tower
08:54 Scout Tower
09:09 Arcane Tower
09:26 Arcane Tower
09:27 Guard Tower
» items
| Scroll of Regeneration | 2 | |
| Lesser Clarity Potion | 1 | |
| Mechanical Critter | 2 | |
| Boots of Speed | 1 | |
| Potion of Invisibility | 1 | |
| Staff of Teleportation | 1 | |
8 total

»
callm3thecutest (
orange | 44 APM | 390 actions | 08:46)
1 Blademaster
1 Wind Walk
» actions
| Assign group hotkey | 51 | |
| Basic commands | 35 | |
| Build / train | 26 | |
| Enter build submenu | 17 | |
| Enter hero's abilities submenu | 1 | |
| Right click | 149 | |
| Select / deselect | 87 | |
| Select group hotkey | 2 | |
| Use ability | 22 | |
390 total
» units
» buildings
| War Mill | 1 | |
| Altar of Storms | 1 | |
| Orc Burrow | 4 | |
| Watch Tower | 4 | |
| Stronghold | 1 | |
| Voodoo Lounge | 1 | |
| Beastiary | 2 | |
| Fortress | 1 | |
15 total
» build order
00:06 War Mill
00:19 Altar of Storms
00:39 Orc Burrow
01:41 Watch Tower
02:04 Orc Burrow
02:46 Stronghold
03:04 Watch Tower
03:25 Voodoo Lounge
04:27 Watch Tower
04:38 Watch Tower
05:11 Beastiary
05:29 Beastiary
05:47 Orc Burrow
06:16 Fortress
08:00 Orc Burrow
» items
| Boots of Speed | 2 | |
| Healing Salve | 1 | |
| Lesser Clarity Potion | 1 | |
4 total
ToNiNhO (
yellow | 63 APM | 1160 actions | 18:25)
5 Blood Mage
3 Flame Strike
2 Siphon Mana
» actions
| Assign group hotkey | 1 | |
| Basic commands | 15 | |
| Build / train | 102 | |
| Enter build submenu | 10 | |
| Enter hero's abilities submenu | 6 | |
| Remove unit from queue | 1 | |
| Right click | 754 | |
| Select / deselect | 207 | |
| Select group hotkey | 1 | |
| Use ability | 63 | |
1160 total
» units
| Peasant | 23 | |
| Footman | 11 | |
| Rifleman | 19 | |
| Mortar Team | 7 | |
| Chimaera | 12 | |
72 total
» upgrades
| Defend | 1 | |
| Masonry | 1 | |
| Gunpowder | 3 | |
| Plating | 3 | |
| Flare | 1 | |
| Fragmentation Shards | 1 | |
| Corrosive Breath | 1 | |
| Strength of the Wild | 1 | |
| Reinforced Hides | 1 | |
13 total
» buildings
| Barracks | 1 | |
| Altar of Kings | 1 | |
| Farm | 8 | |
| Arcane Vault | 1 | |
| Lumber Mill | 1 | |
| Blacksmith | 1 | |
| Keep | 1 | |
| Castle | 1 | |
| Workshop | 2 | |
17 total
» build order
00:34 Barracks
00:40 Altar of Kings
00:55 Farm
00:56 Farm
00:57 Farm
00:59 Farm
02:53 Arcane Vault
03:07 Lumber Mill
04:27 Blacksmith
04:34 Farm
04:35 Farm
04:36 Farm
06:07 Keep
07:03 Farm
09:13 Castle
10:47 Workshop
10:48 Workshop
» items
| Lesser Clarity Potion | 3 | |
| Scroll of Regeneration | 4 | |
| Healing Salve | 1 | |
8 total
team 2 (winner)
lllove (
purple | 48 APM | 882 actions | 18:27)
6 Blood Mage
3 Flame Strike
2 Siphon Mana
1 Summon Phoenix
» actions
| Assign group hotkey | 35 | |
| Basic commands | 17 | |
| Build / train | 60 | |
| Enter build submenu | 26 | |
| Enter hero's abilities submenu | 6 | |
| Right click | 346 | |
| Select / deselect | 229 | |
| Select group hotkey | 99 | |
| Use ability | 64 | |
882 total
» units
| Peasant | 19 | |
| Footman | 4 | |
| Sorceress | 5 | |
28 total
» upgrades
| Lumber Harvesting | 2 | |
| Sorceress Training | 1 | |
| Magic Sentry | 1 | |
| Masonry | 3 | |
7 total
» buildings
| Altar of Kings | 1 | |
| Barracks | 1 | |
| Farm | 4 | |
| Scout Tower | 17 | |
| Arcane Vault | 1 | |
| Keep | 1 | |
| Town Hall | 1 | |
| Lumber Mill | 1 | |
| Arcane Tower | 4 | |
| Guard Tower | 4 | |
| Arcane Sanctum | 1 | |
| Castle | 1 | |
37 total
» build order
00:51 Altar of Kings
00:54 Barracks
00:55 Farm
01:04 Farm
01:07 Farm
01:54 Farm
02:33 Scout Tower
02:50 Arcane Vault
04:18 Keep
04:35 Town Hall
04:37 Lumber Mill
04:38 Arcane Tower
04:40 Scout Tower
04:41 Scout Tower
04:41 Scout Tower
04:41 Scout Tower
05:48 Guard Tower
06:02 Scout Tower
06:03 Scout Tower
06:05 Scout Tower
06:05 Scout Tower
06:59 Arcane Sanctum
07:13 Guard Tower
07:25 Arcane Tower
07:27 Guard Tower
09:34 Scout Tower
09:35 Scout Tower
09:35 Scout Tower
09:35 Scout Tower
09:38 Scout Tower
09:38 Scout Tower
10:20 Castle
10:31 Guard Tower
10:37 Arcane Tower
10:39 Scout Tower
10:40 Scout Tower
11:36 Arcane Tower
» items
| Scroll of Regeneration | 1 | |
| Boots of Speed | 1 | |
| Staff of Teleportation | 1 | |
| Periapt of Vitality | 2 | |
| Potion of Invisibility | 3 | |
8 total
Wetbone (
green | 43 APM | 792 actions | 18:26)
5 Blademaster
3 Critical Strike
2 Wind Walk
4 Shadow Hunter
2 Healing Wave
2 Serpent Ward
» actions
| Build / train | 64 | |
| Enter build submenu | 21 | |
| Enter hero's abilities submenu | 9 | |
| Give item / drop item | 2 | |
| Remove unit from queue | 1 | |
| Right click | 284 | |
| Select / deselect | 341 | |
| Use ability | 70 | |
792 total
» units
| Peon | 11 | |
| Grunt | 13 | |
| Raider | 6 | |
| Shaman | 3 | |
33 total
» upgrades
| Pillage | 1 | |
| Melee Weapons | 3 | |
| Berserker Strength | 1 | |
| Armor | 3 | |
| Ensnare | 1 | |
| Shaman Training | 2 | |
11 total
» buildings
| Altar of Storms | 1 | |
| Orc Burrow | 6 | |
| Barracks | 2 | |
| Voodoo Lounge | 1 | |
| War Mill | 1 | |
| Stronghold | 1 | |
| Great Hall | 2 | |
| Watch Tower | 8 | |
| Beastiary | 1 | |
| Spirit Lodge | 1 | |
| Fortress | 1 | |
25 total
» build order
00:08 Altar of Storms
00:13 Orc Burrow
00:41 Barracks
00:44 Barracks
01:38 Orc Burrow
02:07 Voodoo Lounge
02:38 Orc Burrow
03:09 War Mill
03:55 Stronghold
07:20 Great Hall
07:35 Watch Tower
07:40 Orc Burrow
09:29 Watch Tower
09:31 Orc Burrow
09:51 Orc Burrow
10:29 Beastiary
10:39 Watch Tower
10:41 Watch Tower
10:42 Watch Tower
10:44 Watch Tower
10:50 Watch Tower
10:51 Watch Tower
12:56 Spirit Lodge
14:14 Fortress
15:28 Great Hall
» items
| Healing Salve | 2 | |
| Scroll of Town Portal | 1 | |
3 total

»
MHifUTruelySuck (
blue | 56 APM | 1032 actions | 18:26)
4 Death Knight
2 Death Coil
2 Unholy Aura
3 Lich
2 Frost Nova
1 Frost Armor
» actions
| Assign group hotkey | 5 | |
| Basic commands | 7 | |
| Build / train | 71 | |
| Enter build submenu | 19 | |
| Enter hero's abilities submenu | 7 | |
| Remove unit from queue | 7 | |
| Right click | 609 | |
| Select / deselect | 248 | |
| Select group hotkey | 1 | |
| Use ability | 58 | |
1032 total
» units
| Acolyte | 4 | |
| Ghoul | 9 | |
| Crypt Fiend | 15 | |
| Frost Wyrm | 3 | |
31 total
» upgrades
| Creature Attack | 3 | |
| Creature Carapace | 2 | |
| Web | 1 | |
6 total
» buildings
| Crypt | 1 | |
| Graveyard | 1 | |
| Ziggurat | 8 | |
| Altar of Darkness | 1 | |
| Tomb of Relics | 1 | |
| Nerubian Tower | 1 | |
| Spirit Tower | 2 | |
| Halls of the Dead | 2 | |
| Necropolis | 1 | |
| Black Citadel | 1 | |
| Sacrificial Pit | 1 | |
| Boneyard | 2 | |
22 total
» build order
00:26 Crypt
00:35 Graveyard
00:47 Ziggurat
01:08 Altar of Darkness
01:25 Tomb of Relics
01:57 Ziggurat
02:30 Nerubian Tower
04:02 Ziggurat
04:37 Spirit Tower
04:53 Halls of the Dead
05:35 Ziggurat
06:58 Ziggurat
08:03 Necropolis
10:19 Ziggurat
10:21 Ziggurat
10:22 Ziggurat
11:54 Black Citadel
11:59 Spirit Tower
12:42 Halls of the Dead
12:50 Sacrificial Pit
14:37 Boneyard
14:41 Boneyard
» items
| Rod of Necromancy | 3 | |
| Dust of Appearance | 1 | |
| Boots of Speed | 1 | |
| Scroll of Town Portal | 4 | |
| Potion of Mana | 1 | |
10 total

»
helpme2 (
red | 37 APM | 686 actions | 18:25)
6 Death Knight
3 Death Coil
2 Unholy Aura
1 Animate Dead
» actions
| Basic commands | 1 | |
| Build / train | 61 | |
| Enter build submenu | 20 | |
| Enter hero's abilities submenu | 6 | |
| Give item / drop item | 1 | |
| Remove unit from queue | 1 | |
| Right click | 309 | |
| Select / deselect | 230 | |
| Use ability | 57 | |
686 total
» units
| Acolyte | 14 | |
| Ghoul | 5 | |
| Crypt Fiend | 8 | |
| Frost Wyrm | 4 | |
31 total
» upgrades
| Web | 1 | |
| Freezing Breath | 1 | |
| Creature Attack | 1 | |
| Creature Carapace | 1 | |
4 total
» buildings
| Altar of Darkness | 1 | |
| Crypt | 1 | |
| Ziggurat | 9 | |
| Tomb of Relics | 1 | |
| Nerubian Tower | 1 | |
| Graveyard | 1 | |
| Spirit Tower | 3 | |
| Halls of the Dead | 1 | |
| Black Citadel | 1 | |
| Sacrificial Pit | 1 | |
| Boneyard | 2 | |
22 total
» build order
00:39 Altar of Darkness
00:43 Crypt
00:47 Ziggurat
01:03 Ziggurat
01:29 Tomb of Relics
01:39 Nerubian Tower
02:23 Ziggurat
03:14 Graveyard
04:43 Spirit Tower
04:46 Ziggurat
05:37 Halls of the Dead
05:40 Spirit Tower
07:04 Ziggurat
09:15 Black Citadel
10:02 Sacrificial Pit
11:34 Spirit Tower
13:04 Boneyard
13:07 Boneyard
17:31 Ziggurat
17:36 Ziggurat
17:41 Ziggurat
17:48 Ziggurat
» items
| Rod of Necromancy | 2 | |
| Scroll of Town Portal | 3 | |
| Potion of Healing | 4 | |
| Scroll of Healing | 2 | |
| Potion of Mana | 1 | |
12 total
Chat log
(00:09 / Allies) MHifUTruelySuck: plan?
(00:18 / Allies) Wetbone: suck bang blow
(00:29 / Allies) lllove: take names and chew bubble gum
(00:40 / Allies) MHifUTruelySuck: rush?
(01:09 / Allies) helpme2: split?
(01:13 / Allies) Wetbone: yes
(01:14 / Allies) lllove: not split
(01:19 / Allies) Wetbone: ...............................
(01:23 / Allies) lllove: I'm gonna fast expo
(01:36 / Allies) MHifUTruelySuck: cc than
(01:41 / Allies) MHifUTruelySuck: its all or none
(02:23 / Allies) MHifUTruelySuck: tower ur main bases
(02:27 / Allies) MHifUTruelySuck: n expos
(03:31 / Allies) MHifUTruelySuck: bm
(06:16 / All) MHifUTruelySuck: id pp after that too
(07:11 / All) helpme2: wtf
(08:04 / Allies) MHifUTruelySuck: ty
(08:09 / Allies) Wetbone: coil them
(08:32 / Allies) Wetbone: 3 raiders
(08:46 / Allies) MHifUTruelySuck: he goes u i go him
(08:46 / Allies) Wetbone: k
(10:02 / Allies) Wetbone: ty
(11:42 / All) trolololol: gg
(11:48 / All) MHifUTruelySuck: gg
(12:04 / Allies) MHifUTruelySuck: good teamwork
(14:27 / Allies) MHifUTruelySuck: ty im good now
(14:31 / Allies) MHifUTruelySuck: got my own
(14:42 / Allies) Wetbone: i can always use more
(16:02 / Allies) MHifUTruelySuck: green
(16:08 / Allies) MHifUTruelySuck: can u scout his army with bm
(16:19 / Allies) MHifUTruelySuck: ty
(16:29 / Allies) Wetbone: wait for all
(16:29 / Allies) MHifUTruelySuck: oh thatsnothing lol
(16:32 / Allies) MHifUTruelySuck: k
(17:10 / Allies) lllove: let's just charge his ass
(17:44 / Allies) lllove: mhing lawl?